 Dungeon Crawl Stone Soup version 0.21.1-1-g345015f (webtiles) character file.

72 Fang the Skirmisher (level 4, 0/29 HPs)
             Began as a Gargoyle Berserker on May 10, 2018.
             Was a Believer of Trog.
             Slain by Natasha (10 damage)
             ... on level 2 of the Dungeon.
             The game lasted 00:01:14 (1483 turns).

Fang the Skirmisher (Gargoyle Berserker)            Turns: 1483, Time: 00:01:15

Health: 0/29       AC:  5    Str: 22    XL:     4   Next: 25%
Magic:  4/4        EV: 12    Int:  7    God:    Trog [**....]
Gold:   67         SH:  0    Dex:  9    Spells: 3/3 levels left

rFire    . . .     SeeInvis .   a - +0 hand axe
rCold    . . .     Gourm    .   (no shield)
rNeg     + . .     Faith    .   b - +0 animal skin
rPois    ∞         Spirit   .   (no helmet)
rElec    +         Reflect  .   (no cloak)
rCorr    .         Harm     .   (no gloves)
MR       .....                  (no boots)
Stlth    +.........             (no amulet)
HPRegen  0.09/turn              d - ring of poison resistance
MPRegen  0.09/turn              (no ring)

@: berserk cooldown, slowed, very slow
A: negative energy resistance 1, electricity resistance, unbreathing,
petrification resistance, rot immunity, AC +3
a: Berserk, Trog's Hand, Burn Spellbooks, Renounce Religion


You were on level 2 of the Dungeon.
You worshipped Trog.
Trog was pleased with you.
You were hungry.

You visited 1 branch of the dungeon, and saw 2 of its levels.

You collected 67 gold pieces.

Inventory:

Hand Weapons
 a - a +0 hand axe (weapon)
Armour
 b - a +0 animal skin (worn)
Jewellery
 d - a ring of poison resistance (left hand)
 h - a +5 ring of protection {unknown}
Scrolls
 e - a scroll of remove curse {unknown}
 g - 2 scrolls of noise {unknown}
 i - a scroll of random uselessness {unknown}
 j - a scroll of teleportation {unknown}
Potions
 f - a potion of flight {unknown}
Comestibles
 c - a ration
 k - 5 chunks of flesh


   Skills:
 + Level 3.9 Fighting
 + Level 3.6 Axes
 + Level 2.3 Armour
 + Level 2.2 Dodging
 + Level 0.1 Stealth


You had 3 spell levels left.
You didn't know any spells.

Dungeon Overview and Level Annotations

Branches:
Dungeon (2/15)

Altars:

Annotations:
D:2 Natasha


Innate Abilities, Weirdness & Mutations

You are resistant to torment.
Your stone body is resilient. (AC +3)
You are immune to poison.
You resist negative energy. (rN+)
You are resistant to electric shocks. (rElec)
You can survive without breathing.
You are immune to petrification.
You are immune to rotting.


Message History

You are too injured to fight recklessly!
You are too injured to fight recklessly!
You are too injured to fight recklessly!
You are too injured to fight recklessly!
You are too injured to fight recklessly!
You are too injured to fight recklessly!
You are too injured to fight recklessly!
Unknown command.
A red film seems to cover your vision as you go berserk!
You feel yourself moving faster!
You feel mighty!
You are feeling hungry.
You feel a strong urge to attack something.
Natasha drinks a potion.
Natasha seems to grow stronger.
The crimson imp blinks!
You feel your anger nearly subside.
You are no longer berserk.
You are exhausted.
You feel yourself slow down. Natasha claws you.
You barely miss Natasha. Natasha closely misses you. Natasha claws you.
Natasha claws you!
You die...

#.. #.##........#
#..##.#.........#
#..#............#
#..#..#<........###
#..#..##..........#
#..>..†.5.........+
######.###...........#
#........+...).h....##
#.###..###....@.....#
#.##...##...........#
#.##......$...........
#.##...###..........##
#.##...# #..........#
#
#.##...+............#
#.
#.##...#####.....####
.#( #.##...# #.....#
#... #......# +...


You could see Natasha and a crimson imp.

Vanquished Creatures
  An adder (D:2)
  An ooze (D:2)
  A dart slug (D:1)
  A ball python (D:1)
  3 giant cockroaches (D:1)
  8 goblins
  7 hobgoblins
  15 jackals
  A kobold (D:1)
  5 bats
  2 frilled lizards (D:1)
  2 rats (D:2)
47 creatures vanquished.

Notes
Turn   | Place    | Note
-------+----------+-------------------------------------------
     0 | D:1      | Fang the Gargoyle Berserker began the quest for the Orb.
     0 | D:1      | Reached XP level 1. HP: 14/14 MP: 1/1
   209 | D:1      | Reached XP level 2. HP: 18/19 MP: 2/2
   489 | D:1      | Reached XP level 3. HP: 24/24 MP: 3/3
  1086 | D:2      | Reached ** piety under Trog
  1432 | D:2      | Reached XP level 4. HP: 23/29 MP: 4/4
  1473 | D:2      | Noticed Natasha
  1483 | D:2      | Slain by Natasha

Skill      XL: |  1  2  3 |
---------------+----------+-----
Axes           | 3 |  3.6
Dodging        | 2 |  2.2
Fighting       | |  3.9
Armour         | |  2.3
Stealth        | |  0.1

Action                   |  1- 3 |  4- 6 || total
-------------------------+-------+-------++-------
Melee: Hand axe          |   122 |    16 ||   138
Invok: Berserk           |       |     1 ||     1
  Eat: Chunk             |     2 |       ||     2
Armor: Animal skin       |    53 |    10 ||    63
Dodge: Dodged            |   108 |    12 ||   120
